 Dungeon Crawl Stone Soup version 0.30-a0-824-g6c64550be9 (webtiles) character file.

Game seed: 18022374087623098783

161 Pimp the Trooper (level 5, -6/58 (63) HPs)
             Began as a Demonspawn Berserker on Feb 27, 2023.
             Was a Priest of Trog.
             Mangled by a wight
             ... wielding a +3 morningstar
              (10 damage)
             ... on level 4 of the Dungeon.
             The game lasted 00:03:59 (2868 turns).

Pimp the Trooper (Demonspawn Berserker)             Turns: 2868, Time: 00:03:59

HP:   -6/58 (63)    AC:  6    Str: 19    XL:     5   Next: 18%
MP:   5/5           EV: 10    Int:  9    God:    Trog [***...]
Gold: 159           SH:  0    Dex: 12    Spells: 4/4 levels left

rFire   . . .      SeeInvis .    o - +0 war axe
rCold   . . .      Faith    .    (no shield)
rNeg    . . .      Spirit   .    q - +0 scale mail
rPois   .          Reflect  .    (helmet restricted)
rElec   .          Harm     .    (no cloak)
rCorr   .          Rampage  .    (no gloves)
Will    .....                    (no boots) Stlth
                                 (no amulet)
HPRegen 0.29/turn                (no ring)
MPRegen 0.09/turn                (no ring)

@: berserking, studying Ranged Weapons, drained, very quick
A: antennae 1, hooves 1, demonic magic 1
a: Renounce Religion, Berserk, Trog's Hand


You were on level 4 of the Dungeon.
You worshipped Trog.
Trog was most pleased with you.
You visited 1 branch of the dungeon, and saw 4 of its levels.

You collected 159 gold pieces.

Inventory:

Hand Weapons
 a - a +0 hand axe
 o - a +0 war axe (weapon)
 r - a +3 hand axe
Armour
 b - a +0 animal skin
 p - a +0 leather armour
 q - a +0 scale mail (worn)
Jewellery
 j - an amulet of magic regeneration
Scrolls
 d - a scroll of identify {unknown}
 g - a scroll of teleportation {unknown}
 i - a scroll of poison {unknown}
 k - a scroll of torment {unknown}
 m - 2 scrolls of amnesia {unknown}
 v - a scroll of fear {unknown}
Potions
 c - a potion of resistance {unknown}
 e - 2 potions of curing {unknown}
 f - 3 potions of flight {unknown}
 h - 2 potions of might {unknown}
 l - a potion of berserk rage {unknown}
 n - a potion of ambrosia {unknown}
 s - a potion of heal wounds {unknown}
 t - a potion of invisibility {unknown}
 u - a potion of cancellation {unknown}
 w - a potion of magic {unknown}


   Skills:
 + Level 3.9 Fighting
 + Level 3.5 Axes
 + Level 2.8 Armour
 + Level 2.8 Dodging


You had 4 spell levels left.
You didn't know any spells.
Your spell library was empty.

Dungeon Overview and Level Annotations

Branches:
Dungeon (4/15)
 Temple: D:4-7

Altars:

Shops:
D:1 *


Innate Abilities, Weirdness & Mutations

You have a pair of small antennae on your head.
You have large cloven feet.
Spells you cast may paralyse adjacent enemies.


Message History

A ball python comes into view.
The ball python hisses angrily.
A ball python is nearby!
The ball python barely misses you. x2
You closely miss the ball python. Your kick misses the ball python.
The ball python misses you. The ball python barely misses you.
You closely miss the ball python. The ball python barely misses you.
The ball python grabs you. The ball python constricts you.
The ball python bites you but does no damage.
The ball python constricts you.
You closely miss the ball python. You kick the ball python.
You kill the ball python!
Trog accepts your kill.
You sense a monster nearby. 2 wights come into view.
You hit the wight.
The wight is lightly damaged.
The wight hits you with a +3 morningstar! x2
You feel drained.
You closely miss the wight. Your kick misses the wight.
The wight is lightly damaged.
You hit the wight.
The wight is moderately damaged.
You barely miss the wight. The wight hits you with a +0 mace.
You feel drained.
The wight hits you with a +3 morningstar!
* * * LOW HITPOINT WARNING * * *
You feel drained.
* * * LOW HITPOINT WARNING * * *
A red film seems to cover your vision as you go berserk!
You feel yourself moving faster!
You feel mighty! The wight hits you with a +0 mace.
* * * LOW HITPOINT WARNING * * *
You hit the wight but do no damage. Your kick misses the wight.
The wight is moderately damaged.
You closely miss the wight.
The wight is lightly damaged.
You hit the wight. The wight hits you with a +0 mace.
* * * LOW HITPOINT WARNING * * *
The wight hits you with a +3 morningstar!
You die...

#####
##...###.#
##........#
#.#.#z#
##...z@##
#.#.#.#.##.##
#.#
#......###...
#.#
#..#.#..##..#
#)#
#.#.........#
#.#
#.###.#####.#
#.#####
#.....# #.#
###......
#####.#
##.###........
#.#
#......†)...#


You could see 2 wights.

Vanquished Creatures
  7 adders
  4 worms
  A dart slug (D:2)
  10 orcs
  11 ball pythons
  3 bats
  10 endoplasms
  2 giant cockroaches
  2 goblins
  5 hobgoblins
  4 jackals (D:2)
  2 kobolds
  5 frilled lizards
  9 rats
75 creatures vanquished.

Vanquished Creatures (others)
  6 plants (D:2)
6 creatures vanquished.

Grand Total: 81 creatures vanquished

Notes
Turn   | Place    | Note
-------+----------+-------------------------------------------
     0 | D:1      | Pimp the Demonspawn Berserker began the quest for the Orb.
     0 | D:1      | Reached XP level 1. HP: 18/18 MP: 1/1
   110 | D:1      | Found Qizxilet's Assorted Antiques.
   168 | D:1      | Gained mutation: Spells you cast may paralyse adjacent
                  | enemies. [demonic ancestry]
   168 | D:1      | Reached XP level 2. HP: 24/24 MP: 2/2
   173 | D:1      | Found a faded altar of an unknown god.
   418 | D:1      | Reached ** piety under Trog
   789 | D:2      | Discovered your monstrous ancestry.
   789 | D:2      | Gained mutation: You have large cloven feet. [demonic
                  | ancestry]
   789 | D:2      | Reached XP level 3. HP: 24/29 MP: 3/3
  1297 | D:2      | Reached XP level 4. HP: 20/35 MP: 4/4
  2120 | D:3      | Reached *** piety under Trog
  2674 | D:4      | Gained mutation: You have a pair of small antennae on your
                  | head. [demonic ancestry]
  2674 | D:4      | Reached XP level 5. HP: 42/42 MP: 5/5
  2868 | D:4      | Mangled by a wight

Illustrated notes

Levels and vault maps discovered:
D:1:      onia_arrival_handbag, layout_basic, serial_shops, nicolae_square_shop,
          dreamdust_ecumenical_altar_grove
D:2:      layout_loops_ring, serial_forest, infiniplex_forest_straight_2,
          infiniplex_forest_clump_cross, infiniplex_forest_clump_double,
          infiniplex_forest_clump_medium, infiniplex_forest_lined_corner,
          infiniplex_forest_clump_tiny, infiniplex_forest_zigzag_1,
          infiniplex_forest_corner_1, nicolae_wormholes
D:3:      layout_basic, grunt_ministairs_3
D:4:      layout_loops_ring, hex_tiny

Skill      XL: |  1  2 |
---------------+-------+-----
Armour         | 2 |  2.8
Dodging        | 2 |  2.8
Axes           | 3 |  3.5
Fighting       | |  3.9

Action                     |  1- 3 |  4- 6 || total
---------------------------+-------+-------++-------
  Melee: Hand axe          |   121 |    37 ||   158
         Kick              |    16 |    16 ||    32
         War axe           |       |    41 ||    41
         Punch             |       |     1 ||     1
 Invoke: Berserk           |       |     1 ||     1
   Stab: Sleeping          |     3 |     1 ||     4
 Armour: Animal skin       |    25 |     6 ||    31
         Scale mail        |       |    26 ||    26
  Dodge: Dodged            |    88 |    64 ||   152

Table legend: (Time is in decaauts)
 A = Elapsed time spent in this place.
 B = Non-inter-level travel time spent in this place.
 C = Inter-level travel time spent in this place.
 D = Time resting spent in this place.
 E = Time spent auto-exploring this place.
 F = Levels seen in this place.
 G = Mean time per level.
                   A        B        C        D        E       F      G
               +--------+--------+--------+--------+--------+-----+--------+
         Total |   2903 |   2769 |    134 |    399 |   1782 |   4 |  725.8 |
       Dungeon |   2903 |   2769 |    134 |    399 |   1782 |   4 |  725.8 |
               +--------+--------+--------+--------+--------+-----+--------+

Top non-repeatable levels by time:
     D:2: 1121 daAuts
     D:1: 794 daAuts
     D:3: 575 daAuts
     D:4: 412 daAuts
